 Dungeon Crawl Stone Soup version 0.31-a0-1612-g4aaf141004 (webtiles) character file.

Game seed: 16881243754880634113

11 MisterFreud the Ruffian (level 2, 0/23 HPs)
             Began as a Draconian Shapeshifter on Jan 9, 2024.
             Was a Follower of the Shining One.
             Succumbed to a goblin's poison
             ... on level 1 of the Dungeon.
             The game lasted 00:00:56 (355 turns).

MisterFreud the Ruffian (Draconian Shapeshifter)     Turns: 355, Time: 00:00:56

Health: 0/23       AC:  4    Str: 16    XL:     2   Next: 17%
Magic:  2/2        EV: 12    Int: 10    God:    the Shining One [*.....]
Gold:   22         SH:  0    Dex: 10    Spells: 1/1 levels left

rFire   . .          .
                       - Unarmed
rCold   . . .        (no shield)
rNeg    . . .        (body armour unavailable)
rPois   .            (helmet currently unavailable)
rElec   .            (cloak currently unavailable)
rCorr   .            (gloves currently unavailable)
SInv    .            (boots currently unavailable)
Will    .....        (no amulet)
Stlth   +            (no ring)
HPRegen 0.23/turn    (no ring)
MPRegen 0.08/turn

%: no passive effects
@: lethally poisoned (0 -> -9), beast-form, attractive, glowing
A: beast (slay +1), AC +4, unfitting armour, cold-blooded, deterioration 1, no
potion heal 1, MP-powered wands
a: Begin Untransformation, Renounce Religion, Divine Shield


You were on level 1 of the Dungeon.
You worshipped the Shining One.
The Shining One was aware of your devotion.
You were a hulking beast.
You visited 1 branch of the dungeon, and saw 1 of its levels.

You collected 22 gold pieces.

Inventory:

Missiles
 i - 2 throwing nets (quivered)
Talismans
 b - a beast talisman
 c - a flux talisman
Scrolls
 f - a scroll of torment {unknown}
 g - a scroll of amnesia {unknown}
Potions
 a - a potion of lignification
 h - a potion of curing {unknown}


   Skills:
 + Level 1.6 Fighting
 - Level 1.7 Dodging
 + Level 3.2 Unarmed Combat
 + Level 3.2 Shapeshifting


You had one spell level left.
You didn't know any spells.
Your spell library was empty.

Dungeon Overview and Level Annotations

Branches:
Dungeon (1/15)

Altars:
The Shining One

Shops:
D:1 (

Annotations:
D:1 1 transporter


Innate Abilities, Weirdness & Mutations

You are a hulking beast.
Your limbs bulge with bestial killing power. (Slay +1)
Your plain brown scales are hard. (AC +4)
You cannot fit into any form of body armour.
You are cold-blooded and may be slowed by cold attacks.
Your body sometimes deteriorates upon taking damage.
Potions are less effective at restoring your health.
You expend magic power (3 MP) to strengthen your wands.


Message History

A goblin is nearby!
The goblin hits you with a +1 dagger of venom.
You are poisoned.
A goblin is nearby!
You barely miss the goblin.
You feel sick. The goblin barely misses you.
A goblin is nearby!
You barely miss the goblin.
You feel sick. The goblin barely misses you.
A goblin is nearby!
You hit the goblin.
The goblin is moderately wounded.
You feel sick. The goblin hits you but does no damage.
You are more poisoned.
A goblin is nearby!
You hit the goblin.
The goblin is severely wounded.
You feel very sick.
The goblin hits you with a +1 dagger of venom.
You are lethally poisoned!
You are too injured to fight recklessly!
There is a lethal amount of poison in your body!
You are too injured to fight recklessly!
There is a lethal amount of poison in your body!
You are too injured to fight recklessly!
You hit the goblin.
You kill the goblin!
You feel very sick.
* * * LOW HITPOINT WARNING * * *
You feel very sick.
Things that are here:
a +1 dagger of venom; a goblin corpse
There is a lethal amount of poison in your body!
It was a potion of attraction.
You feel attractive to monsters.
* * * LOW HITPOINT WARNING * * *
You feel very sick.
It was a potion of mutation.
You feel extremely strange.
Your system partially rejects the healing effects of potions.
You feel yourself wasting away.
You feel your magical essence link to the dungeon's wands.
You die...

####......
##.........
#.†##...... #####
#.###...... #.... #.#
#......
#....########.#
#8.....
#......##.....#
#......
#......##.....#
#......
#..h##.....###8..∩..
##...##.......#......
#....##.....#........
#....''†....##.∩..8..
#...........##...####
#.......##########
#.......# #.#.....#
...#.....#


There were no monsters in sight!

Vanquished Creatures
  2 giant cockroaches (D:1)
  A goblin (D:1)
  A hobgoblin (D:1)
  2 jackals (D:1)
  4 frilled lizards (D:1)
  A kobold (D:1)
11 creatures vanquished.

Notes
Turn   | Place    | Note
-------+----------+-------------------------------------------
     0 | D:1      | MisterFreud the Draconian Shapeshifter began the quest for
                  | the Orb.
     0 | D:1      | Reached XP level 1. HP: 16/16 MP: 1/1
     2 | D:1      | Found Hikefra's Weapon Shoppe.
   122 | D:1      | Found a faded altar of an unknown god.
   147 | D:1      | Prayed at the altar of an unknown god.
   147 | D:1      | Became a worshipper of the Shining One
   147 | D:1      | Reached * piety under the Shining One
   313 | D:1      | Reached XP level 2. HP: 22/23 MP: 2/2
   354 | D:1      | HP: 1/23 [poisoned by a goblin]
   355 | D:1      | Gained mutation: Potions are less effective at restoring
                  | your health. [potion of mutation]
   355 | D:1      | Gained mutation: Your body sometimes deteriorates upon
                  | taking damage. [potion of mutation]
   355 | D:1      | Gained mutation: You expend magic power (3 MP) to
                  | strengthen your wands. [potion of mutation]
   355 | D:1      | Succumbed to a goblin's poison

Illustrated notes

Levels and vault maps discovered:
D:1:      spicycebolla_arrival_transporter_tutorial, layout_basic, serial_shops,
          nicolae_shop_peninsula, shop, shop, shop,
          hellmonk_ecumenical_altar_arch_garden

Action                     || total
---------------------------++-------
  Melee: Unarmed           ||    30
         Tailslap          ||     1
    Use: Potion            ||     2
 Armour: Skin              ||     7
  Dodge: Dodged            ||    18

Table legend: (Time is in decaauts)
 A = Elapsed time spent in this place.
 B = Non-inter-level travel time spent in this place.
 C = Inter-level travel time spent in this place.
 D = Time resting spent in this place.
 E = Time spent auto-exploring this place.
 F = Levels seen in this place.
 G = Mean time per level.
                   A        B        C        D        E       F      G
               +--------+--------+--------+--------+--------+-----+--------+
         Total |    353 |    353 |      0 |      0 |    270 |   1 |  353.0 |
       Dungeon |    353 |    353 |      0 |      0 |    270 |   1 |  353.0 |
               +--------+--------+--------+--------+--------+-----+--------+

Top non-repeatable levels by time:
     D:1: 353 daAuts
